 Dungeon Crawl Stone Soup version 0.32-a0-131-g9dbbe29 (webtiles) character file.

Game seed: 8548001129705296396

128 Dorkslayer the Ruffian (level 5, 0/54 HPs)
             Began as an Octopode Fighter on Feb 8, 2024.
             Constricted to death by a ball python (1 damage)
             ... on level 4 of the Dungeon.
             The game lasted 00:08:17 (2584 turns).

Dorkslayer the Ruffian (Octopode Fighter)           Turns: 2584, Time: 00:08:19

Health: 0/54       AC: 22    Str: 18    XL:     5   Next: 12%
Magic:  5/5        EV: -1    Int: 10    God:
Gold:   5          SH:  6    Dex: 17    Spells: 4/4 levels left

rFire   + .          .
                       - Unarmed
rCold   + . .        a - +1 buckler
rNeg    + . .        (helmet currently unavailable)
rPois   +            (no amulet)
rElec   +            h - +6 ring of dexterity
rCorr   +            m - ring of positive energy
SInv    .            (no ring)
Will    .....        (no ring)
Stlth   ++           (no ring)
HPRegen 0.29/turn    (no ring)
MPRegen 0.09/turn    (no ring)
                     (no ring)

%: no passive effects
@: brilliant, lethally poisoned (0 -> -2), tree-form, resistant, constricted,
invisible
A: stationary, stasis, torment immunity, boosted hp, almost no armour,
(amphibious), 8 rings, (camouflage 1), (gelatinous body 1), (nimble swimmer 1),
(tentacles)
a: no special abilities


You were on level 4 of the Dungeon.
You were a tree.
You visited 1 branch of the dungeon, and saw 4 of its levels.

You collected 165 gold pieces.
You spent 160 gold pieces at shops.

Inventory:

Hand Weapons
 l - a +1 flail of protection
Missiles
 f - 3 silver javelins (quivered)
Armour
 a - a +1 buckler (worn)
Jewellery
 h - a +6 ring of dexterity (left branch)
 m - a ring of positive energy (right branch)
Wands
 o - a wand of paralysis (2)
Scrolls
 n - a scroll of immolation
Potions
 b - a potion of might
 g - a potion of ambrosia {unknown}
 i - 2 potions of invisibility
 j - 2 potions of enlightenment
 k - a potion of curing {unknown}


   Skills:
 + Level 3.4 Fighting
 + Level 3.6 Dodging
 + Level 1.9 Stealth
 + Level 3.4 Shields
 * Level 3.6 Unarmed Combat


You had 4 spell levels left.
You didn't know any spells.
Your spell library contained the following spells:

 Spells                   Type           Power      Damage    Failure   Level
 Magic Dart               Conj           0%         1d3       43%         1
 Searing Ray              Conj           0%         2d4       58%         2
 Fugue of the Fallen      Necr           0%         N/A       82%         3
 Ozocubu's Armour         Ice            0%         N/A       82%         3
 Fulminant Prism          Conj/Alch      0%         3d5       99%         4
 Manifold Assault         Tloc           0%         N/A       99%         4
 Summon Blazeheart Golem  Fire/Summ      0%         N/A       99%         4
 Orb of Destruction       Conj           0%         9d5       100%        7
 Spellforged Servitor     Conj/Summ      0%         N/A       100%        7


Dungeon Overview and Level Annotations

Branches:
Dungeon (4/15)
 Temple: D:4-7

Altars:

Shops:
D:4 =[**


Innate Abilities, Weirdness & Mutations

You are a tree.
Your roots penetrate the ground, keeping you stationary.
You cannot be teleported.
You are immune to unholy pain and torment.
Your maximum health is greatly increased.
You cannot wear most types of armour.
((You are amphibious.))
You can wear up to eight rings at the same time.
((Your skin changes colour to match your surroundings (Stealth+).))
((Your rubbery body absorbs attacks. (AC +1, EV +1)))
((You are camouflaged when in or above water. (Stealth+)))
((You have tentacles for arms and can constrict up to eight enemies at once.))


Message History

You barely miss the scorpion. You grab the scorpion. You squeeze the scorpion.
The scorpion is moderately wounded.
You constrict the scorpion, but do no damage.
The scorpion stings you!
You are poisoned.
The scorpion poisons you! The ball python bites you.
The ball python constricts you.
You tentacle-slap the scorpion but do no damage.
You squeeze the scorpion.
The scorpion is severely wounded.
You constrict the scorpion, but do no damage.
You feel very sick. The scorpion stings you. The ball python bites you.
* * * LOW HITPOINT WARNING * * *
The ball python constricts you.
* * * LOW HITPOINT WARNING * * *
It was a potion of invisibility.
You fade into invisibility!
You constrict the scorpion.
You feel sick. The scorpion stings you.
* * * LOW HITPOINT WARNING * * *
The ball python barely misses you. The ball python constricts you.
The scorpion barely misses you.
It was a potion of lignification.
You turn into a tree.
Your roots penetrate the ground.
You lose your grip on the scorpion.
You feel sick. You block the ball python's attack.
The ball python constricts you. The scorpion stings you.
* * * LOW HITPOINT WARNING * * *
It was a potion of brilliance.
You feel clever all of a sudden.
* * * LOW HITPOINT WARNING * * *
You feel sick. You block the ball python's attack.
The ball python constricts you.
The scorpion stings you but does no damage.
It was a potion of resistance.
You feel protected.
* * * LOW HITPOINT WARNING * * *
You feel sick.
The ball python bites you but does no damage.
The ball python constricts you.
You die...

.. #...∩.ß.∩.... #..
######.♣.♣.♣.♣...
##..####.#..#..ß.∩.ß....
..............♣.♣.♣.♣...
........................
........................
.:..............#.......
.......S........#.......
......s♣........#.......
......?.........#.......
###.####+########..###..
# #### ##


You could see a scorpion (unable to see you) and a ball python (unable to see
you).

Vanquished Creatures
  Jessica (D:2)
  A gnoll (D:1)
  3 adders (D:2)
  3 dart slugs
  A ribbon worm (D:3)
  5 orcs (D:3)
  5 endoplasms
  2 giant cockroaches (D:1)
  5 goblins
  3 hobgoblins
  6 ball pythons
  3 bats (D:2)
  7 frilled lizards
  6 kobolds
  5 rats
56 creatures vanquished.

Notes
Turn   | Place    | Note
-------+----------+-------------------------------------------
     0 | D:1      | Dorkslayer the Octopode Fighter began the quest for the
                  | Orb.
     0 | D:1      | Reached XP level 1. HP: 16/16 MP: 1/1
    85 | D:1      | Reached XP level 2. HP: 14/21 MP: 2/2
   458 | D:1      | Reached XP level 3. HP: 26/26 MP: 3/3
   763 | D:2      | Noticed Jessica
   767 | D:2      | Killed Jessica
   768 | D:2      | Reached skill level 1 in Stealth
   768 | D:2      | Reached XP level 4. HP: 24/31 MP: 4/4
  1942 | D:3      | Reached XP level 5. HP: 31/36 MP: 5/5
  2358 | D:3      | Found a faded altar of an unknown god.
  2531 | D:4      | Found Ocvausch's General Store.
  2533 | D:4      | Found Kolozubb's General Store.
  2533 | D:4      | Found Kaqol's Antique Armour Emporium.
  2535 | D:4      | Found Azxoch's Jewellery Emporium.
  2561 | D:4      | Bought a potion of enlightenment for 55 gold pieces
  2564 | D:4      | Bought a scroll of immolation for 48 gold pieces
  2564 | D:4      | Bought a wand of paralysis (2) for 57 gold pieces
  2583 | D:4      | HP: 2/54 [poisoned by a scorpion]
  2584 | D:4      | Constricted to death by a ball python

Illustrated notes

Levels and vault maps discovered:
D:1:      mrwooster_arrival_statue_3, layout_rooms, minmay_gold_behind_fungi,
          hangedman_decor_clover_reticule
D:2:      layout_loops_corners, uniq_jessica
D:3:      layout_basic, shapermc_ecumenical_altar_notcrosses
D:4:      layout_gridville, mainiacjoe_overflow_alcove_4,
          minmay_shop_grid_forest, uniq_ijyb

Skill      XL: |  1  2  3 |
---------------+----------+-----
Stealth        | 1 |  1.9
Unarmed Combat | 3 |  3.6
Fighting       | |  3.4
Dodging        | |  3.6
Shields        | |  3.4

Action                     |  1- 3 |  4- 6 || total
---------------------------+-------+-------++-------
  Melee: Unarmed           |    56 |    65 ||   121
         Constrict         |    14 |    20 ||    34
         Tentacles         |    11 |    14 ||    25
         Punch             |       |     4 ||     4
    Use: Scroll            |       |     5 ||     5
         Potion            |       |     4 ||     4
   Stab: Sleeping          |     5 |     5 ||    10
 Armour: Skin              |    21 |    30 ||    51
  Dodge: Dodged            |    25 |    32 ||    57
  Block: Buckler           |    12 |    18 ||    30

Table legend: (Time is in decaauts)
 A = Elapsed time spent in this place.
 B = Non-inter-level travel time spent in this place.
 C = Inter-level travel time spent in this place.
 D = Time resting spent in this place.
 E = Time spent auto-exploring this place.
 F = Levels seen in this place.
 G = Mean time per level.
                   A        B        C        D        E       F      G
               +--------+--------+--------+--------+--------+-----+--------+
         Total |   2580 |   2580 |      0 |      0 |   1651 |   4 |  645.0 |
       Dungeon |   2580 |   2580 |      0 |      0 |   1651 |   4 |  645.0 |
               +--------+--------+--------+--------+--------+-----+--------+

Top non-repeatable levels by time:
     D:3: 944 daAuts
     D:2: 922 daAuts
     D:1: 643 daAuts
     D:4: 69 daAuts
